[ AOE2 MATCH · #506417593 ]
UnrankedMalay vs Berbers
Player's team · WIN
Rival team · LOSS
[ REPLAY ANALYSIS · EXTRACTED FROM THE RECORDED GAME ]
Feudal
9:52
Castle
20:21
Imperial
33:55
| APM avg | 75.3 |
| APM peak | 149 |
| eAPM avg | 29.9 |
| Villagers / military | 109 / 67 |
Focus
⚔️ 32.1% · 🌾 67.9%
Archer ×36 · Spearman ×13 · Monk ×7 · Skirmisher ×7 · Militia ×4
Feudal
8:51
Castle
20:23
Imperial
—
| APM avg | 52.1 |
| APM peak | 95 |
| eAPM avg | 26.8 |
| Villagers / military | 86 / 57 |
Focus
⚔️ 30.7% · 🌾 69.3%
Cavalry Archer ×22 · Knight ×17 · Archer ×6 · Mangonel ×3 · Skirmisher ×3 · Monk ×2
Match map
Initial resources + every placement click. Lines = walls · curves = elevation contours. ◆ gold · ⬟ stone · ● berries · ✦ relic · ◌ wall gap
Your base· ✓ Closed at 20:21 · 42t walls · 1 gate(s)
manteldon's base· Open — unwalled flank
Smoothed initial terrain · ◌ = detected wall gap · hover for details
Inputs per minute
— Gil-galad - - manteldon
Build order — Gil-galad
First 150 of 310 actions detected
| 0:02 | Create | Villager (Male) |
| 0:02 | Create | Villager (Male) |
| 0:02 | Create | Villager (Male) |
| 0:03 | Create | Villager (Male) |
| 0:04 | Build | House |
| 0:05 | Build | House |
| 1:24 | Create | Villager (Male) |
| 1:52 | Build | Lumber Camp |
| 2:00 | Create | Villager (Male) |
| 2:00 | Create | Villager (Male) |
| 2:17 | Create | Villager (Male) |
| 2:17 | Create | Villager (Male) |
| 2:46 | Create | Villager (Male) |
| 2:46 | Create | Villager (Male) |
| 3:06 | Create | Villager (Male) |
| 3:07 | Create | Villager (Male) |
| 3:36 | Create | Villager (Male) |
| 3:37 | Create | Villager (Male) |
| 3:54 | Build | House |
| 4:06 | Create | Villager (Male) |
| 4:31 | Build | Barracks |
| 4:37 | Create | Villager (Male) |
| 4:38 | Create | Villager (Male) |
| 4:53 | Build | House |
| 4:54 | Build | Palisade Wall |
| 4:59 | Create | Villager (Male) |
| 5:00 | Create | Villager (Male) |
| 5:00 | Create | Villager (Male) |
| 5:25 | Create | Militia |
| 5:26 | Create | Militia |
| 5:26 | Create | Militia |
| 5:45 | Create | Villager (Male) |
| 6:07 | Create | Militia |
| 6:17 | Create | Villager (Male) |
| 6:32 | Create | Villager (Male) |
| 6:33 | Build | Mill |
| 7:00 | Create | Villager (Male) |
| 7:35 | Create | Villager (Male) |
| 7:39 | Build | House |
| 8:02 | Create | Villager (Male) |
| 8:03 | Research | Loom |
| 8:05 | Build | House |
| 8:17 | Build | Farm |
| 8:19 | Build | Farm |
| 8:27 | Build | Palisade Wall |
| 8:34 | Research | Feudal Age |
| 8:34 | Research | Feudal Age |
| 9:09 | Create | Villager (Male) |
| 9:23 | Build | Lumber Camp |
| 9:34 | Build | House |
| 9:35 | Build | Palisade Wall |
| 9:43 | Create | Villager (Male) |
| 9:52 | Age | Feudal Age |
| 9:55 | Research | Double-Bit Axe |
| 9:56 | Create | Villager (Male) |
| 10:20 | Create | Villager (Male) |
| 10:28 | Build | Palisade Wall |
| 10:45 | Build | Archery Range |
| 10:56 | Build | Palisade Gate |
| 10:57 | Create | Villager (Male) |
| 11:05 | Build | Palisade Wall |
| 11:40 | Create | Villager (Male) |
| 11:49 | Build | Blacksmith |
| 11:59 | Create | Skirmisher |
| 12:07 | Create | Villager (Male) |
| 12:18 | Create | Skirmisher |
| 12:19 | Create | Villager (Male) |
| 12:29 | Build | Farm |
| 12:34 | Create | Skirmisher |
| 12:44 | Research | Horse Collar |
| 12:46 | Build | Farm |
| 12:48 | Build | Farm |
| 13:01 | Create | Skirmisher |
| 13:04 | Create | Villager (Male) |
| 13:19 | Build | Farm |
| 13:20 | Create | Villager (Male) |
| 13:24 | Build | Farm |
| 13:27 | Build | Farm |
| 13:30 | Create | Villager (Male) |
| 13:44 | Create | Skirmisher |
| 13:45 | Create | Villager (Male) |
| 13:50 | Build | Mining Camp |
| 14:01 | Create | Skirmisher |
| 14:16 | Build | House |
| 14:19 | Build | House |
| 14:24 | Research | Padded Archer Armor |
| 14:27 | Create | Skirmisher |
| 14:32 | Build | Farm |
| 14:36 | Build | Farm |
| 14:40 | Create | Villager (Male) |
| 14:40 | Create | Villager (Male) |
| 14:51 | Create | Villager (Male) |
| 14:51 | Create | Villager (Male) |
| 15:09 | Create | Archer |
| 15:15 | Create | Villager (Male) |
| 15:18 | Build | Farm |
| 15:19 | Build | Farm |
| 15:22 | Build | Farm |
| 15:24 | Build | Farm |
| 15:35 | Research | Fletching |
| 15:49 | Create | Villager (Male) |
| 15:53 | Build | House |
| 15:58 | Create | Archer |
| 16:09 | Build | Farm |
| 16:11 | Build | Farm |
| 16:19 | Build | Farm |
| 16:19 | Create | Villager (Male) |
| 16:26 | Create | Archer |
| 16:51 | Build | Farm |
| 16:51 | Create | Villager (Male) |
| 16:58 | Create | Archer |
| 17:05 | Build | Farm |
| 17:33 | Create | Villager (Male) |
| 17:33 | Create | Archer |
| 17:53 | Create | Villager (Male) |
| 17:55 | Build | Archery Range |
| 18:45 | Research | Castle Age |
| 18:48 | Create | Archer |
| 18:49 | Create | Archer |
| 18:55 | Build | Lumber Camp |
| 18:59 | Create | Archer |
| 18:59 | Create | Archer |
| 19:02 | Build | House |
| 19:26 | Research | Gold Mining |
| 19:26 | Research | Gold Mining |
| 20:07 | Create | Villager (Male) |
| 20:13 | Create | Archer |
| 20:21 | Age | Castle Age |
| 20:23 | Build | House |
| 20:24 | Research | Crossbowman (upgrade) |
| 20:37 | Research | Bodkin Arrow |
| 20:52 | Create | Villager (Male) |
| 20:56 | Build | Monastery |
| 21:01 | Create | Villager (Male) |
| 21:02 | Create | Archer |
| 21:02 | Create | Archer |
| 21:14 | Create | Archer |
| 21:25 | Research | Leather Archer Armor |
| 21:30 | Research | Bow Saw |
| 21:30 | Create | Villager (Male) |
| 21:42 | Create | Villager (Male) |
| 21:43 | Create | Monk |
| 21:44 | Create | Monk |
| 21:57 | Create | Villager (Male) |
| 22:01 | Build | House |
| 22:54 | Create | Villager (Male) |
| 22:55 | Create | Archer |
| 22:55 | Create | Archer |
| 23:41 | Create | Villager (Male) |
| 23:41 | Create | Archer |
Build order — manteldon
First 150 of 246 actions detected
| 0:00 | Create | Villager (Male) |
| 0:01 | Create | Villager (Male) |
| 0:01 | Create | Villager (Male) |
| 0:01 | Create | Villager (Male) |
| 0:02 | Create | Villager (Male) |
| 0:04 | Build | House |
| 0:05 | Build | House |
| 1:23 | Create | Villager (Male) |
| 2:00 | Create | Villager (Male) |
| 2:00 | Create | Villager (Male) |
| 2:18 | Build | Lumber Camp |
| 2:22 | Create | Villager (Male) |
| 2:22 | Create | Villager (Male) |
| 2:43 | Create | Villager (Male) |
| 2:43 | Create | Villager (Male) |
| 3:06 | Create | Villager (Male) |
| 3:28 | Create | Villager (Male) |
| 3:35 | Build | House |
| 3:51 | Create | Villager (Male) |
| 4:28 | Create | Villager (Male) |
| 4:28 | Create | Villager (Male) |
| 5:15 | Create | Villager (Male) |
| 5:28 | Build | Barracks |
| 5:38 | Create | Villager (Male) |
| 5:38 | Research | Loom |
| 6:28 | Research | Feudal Age |
| 6:38 | Build | House |
| 6:53 | Create | Militia |
| 7:16 | Build | Mining Camp |
| 7:31 | Build | Palisade Wall |
| 7:34 | Create | Militia |
| 7:39 | Create | Villager (Male) |
| 8:03 | Build | Palisade Wall |
| 8:04 | Build | Palisade Wall |
| 8:51 | Create | Villager (Male) |
| 8:51 | Age | Feudal Age |
| 9:02 | Research | Double-Bit Axe |
| 9:15 | Build | Archery Range |
| 9:28 | Create | Villager (Male) |
| 9:54 | Create | Villager (Male) |
| 9:58 | Build | House |
| 10:12 | Create | Archer |
| 10:13 | Create | Archer |
| 10:26 | Build | House |
| 10:30 | Create | Villager (Male) |
| 10:35 | Build | Palisade Wall |
| 10:36 | Build | Palisade Wall |
| 10:37 | Build | Palisade Wall |
| 10:38 | Build | Palisade Wall |
| 10:38 | Build | Palisade Wall |
| 10:39 | Build | Palisade Wall |
| 10:40 | Build | Palisade Wall |
| 10:48 | Create | Villager (Male) |
| 10:52 | Build | Blacksmith |
| 11:23 | Create | Villager (Male) |
| 11:23 | Create | Villager (Male) |
| 11:25 | Build | Mill |
| 11:28 | Build | House |
| 11:31 | Build | Palisade Wall |
| 11:38 | Create | Archer |
| 11:55 | Build | Farm |
| 11:57 | Build | Farm |
| 12:13 | Create | Archer |
| 12:24 | Build | Farm |
| 12:28 | Build | Farm |
| 12:40 | Create | Villager (Male) |
| 12:41 | Create | Villager (Male) |
| 13:02 | Build | Palisade Wall |
| 13:06 | Create | Villager (Male) |
| 13:06 | Create | Villager (Male) |
| 13:09 | Build | Farm |
| 13:21 | Build | Farm |
| 13:41 | Research | Fletching |
| 13:41 | Research | Fletching |
| 13:43 | Create | Skirmisher |
| 13:47 | Build | Palisade Wall |
| 13:58 | Build | Farm |
| 14:03 | Build | Farm |
| 14:04 | Build | Farm |
| 14:04 | Create | Villager (Male) |
| 14:22 | Create | Villager (Male) |
| 14:22 | Create | Villager (Male) |
| 14:25 | Build | Farm |
| 14:28 | Create | Skirmisher |
| 14:40 | Build | Palisade Wall |
| 14:45 | Create | Skirmisher |
| 14:53 | Build | House |
| 15:00 | Create | Villager (Male) |
| 15:06 | Create | Villager (Male) |
| 15:09 | Build | Farm |
| 15:28 | Build | Market |
| 15:46 | Build | Farm |
| 16:04 | Create | Villager (Male) |
| 16:27 | Build | Palisade Wall |
| 16:29 | Build | Stable |
| 16:31 | Build | House |
| 16:36 | Create | Villager (Male) |
| 16:37 | Create | Villager (Male) |
| 16:52 | Build | Farm |
| 16:57 | Create | Villager (Male) |
| 17:35 | Build | House |
| 17:43 | Research | Castle Age |
| 17:43 | Research | Castle Age |
| 17:53 | Create | Archer |
| 18:13 | Create | Scout Cavalry |
| 18:27 | Create | Scout Cavalry |
| 18:30 | Research | Horse Collar |
| 18:31 | Research | Horse Collar |
| 18:35 | Build | Palisade Wall |
| 18:54 | Create | Archer |
| 18:57 | Build | Farm |
| 18:58 | Build | Farm |
| 18:59 | Research | Scale Barding Armor |
| 18:59 | Research | Scale Barding Armor |
| 19:10 | Create | Villager (Male) |
| 20:05 | Build | Farm |
| 20:23 | Age | Castle Age |
| 20:25 | Create | Knight |
| 20:25 | Create | Knight |
| 20:42 | Create | Villager (Male) |
| 20:44 | Build | Stable |
| 20:46 | Build | House |
| 20:59 | Build | Siege Workshop |
| 21:15 | Create | Knight |
| 21:17 | Research | Bloodlines |
| 21:26 | Create | Villager (Male) |
| 21:28 | Create | Villager (Male) |
| 21:31 | Build | House |
| 21:34 | Build | Farm |
| 21:35 | Create | Knight |
| 21:44 | Create | Mangonel |
| 21:45 | Create | Villager (Male) |
| 21:45 | Create | Villager (Male) |
| 21:46 | Create | Knight |
| 21:47 | Create | Knight |
| 22:00 | Create | Villager (Male) |
| 22:00 | Create | Villager (Male) |
| 22:04 | Build | House |
| 22:35 | Build | Palisade Wall |
| 23:11 | Build | Lumber Camp |
| 23:45 | Create | Villager (Male) |
| 23:48 | Create | Knight |
| 23:48 | Create | Knight |
| 23:48 | Create | Knight |
| 23:48 | Create | Knight |
| 23:49 | Create | Knight |
| 24:12 | Build | House |
| 24:21 | Create | Villager (Male) |
| 24:23 | Create | Knight |
| 24:23 | Create | Knight |
Match timeline
| 4:31 | Gil-galad · first_building Barracks |
| 4:54 | Gil-galad · wall_segment Palisade Wall x3 |
| 5:28 | manteldon · first_building Barracks |
| 7:31 | manteldon · wall_segment Palisade Wall x1 |
| 8:03 | manteldon · wall_segment Palisade Wall x1 |
| 8:04 | manteldon · wall_segment Palisade Wall x1 |
| 8:27 | Gil-galad · wall_segment Palisade Wall x16 |
| 8:51 | manteldon · age_up feudal |
| 9:15 | manteldon · first_building Archery Range |
| 9:35 | Gil-galad · wall_segment Palisade Wall x4 |
| 9:52 | Gil-galad · age_up feudal |
| 10:28 | Gil-galad · wall_segment Palisade Wall x2 |
| 10:35 | manteldon · wall_segment Palisade Wall x1 |
| 10:36 | manteldon · wall_segment Palisade Wall x1 |
| 10:37 | manteldon · wall_segment Palisade Wall x1 |
| 10:38 | manteldon · wall_segment Palisade Wall x1 |
| 10:38 | manteldon · wall_segment Palisade Wall x1 |
| 10:39 | manteldon · wall_segment Palisade Wall x1 |
| 10:40 | manteldon · wall_segment Palisade Wall x1 |
| 10:45 | Gil-galad · first_building Archery Range |
| 11:05 | Gil-galad · wall_segment Palisade Wall x18 |
| 11:31 | manteldon · wall_segment Palisade Wall x1 |
| 13:02 | manteldon · wall_segment Palisade Wall x5 |
| 13:47 | manteldon · wall_segment Palisade Wall x8 |
| 14:40 | manteldon · wall_segment Palisade Wall x1 |
| 16:27 | manteldon · wall_segment Palisade Wall x1 |
| 16:29 | manteldon · first_building Stable |
| 17:00 | manteldon · first_market_sell 500 wood |
| 17:01 | manteldon · first_market_buy 100 food |
| 18:35 | manteldon · wall_segment Palisade Wall x1 |
| 20:21 | Gil-galad · age_up castle |
| 20:23 | manteldon · age_up castle |
| 20:56 | Gil-galad · first_building Monastery |
| 20:59 | manteldon · first_building Siege Workshop |
| 22:35 | manteldon · wall_segment Palisade Wall x1 |
| 28:29 | manteldon · first_building Monastery |
| 30:45 | Gil-galad · first_building Castle |
| 32:26 | manteldon · first_building Castle |
| 33:55 | Gil-galad · age_up imperial |
| 34:58 | manteldon · resign |
[ AI ANALYSIS · 1 CREDIT ]
What really happened in this match?
Wolo.gg analyzes every decision: build order, eco, micro, common mistakes by bracket. Personalized analysis on WhatsApp or Discord in 30 seconds.
Civ guide
Malay
Perfil
Jugador #322559